 Dungeon Crawl Stone Soup version 0.31.0-11-ge490571c62 (webtiles) character file.

Game seed: 15359649464704274477

913 ProzacElf the Ruffian (level 7, -4/59 HPs)
             Began as a Troll Hedge Wizard on Feb 3, 2024.
             Slain by a gnoll
             ... wielding a +0 spear
              (6 damage)
             ... on level 4 of the Dungeon.
             The game lasted 00:08:10 (2953 turns).

ProzacElf the Ruffian (Troll Hedge Wizard)          Turns: 2953, Time: 00:08:10

Health: -4/59      AC:  5    Str: 19    XL:     7   Next: 82%
Magic:  7/9        EV:  9    Int: 10    God:
Gold:   241        SH:  0    Dex: 11    Spells: 5/10 levels left

rFire   . .          .
                       - Unarmed
rCold   . . .        (no shield)
rNeg    + . .        o - +0 robe
rPois   .            a - +1 hat
rElec   .            (no cloak)
rCorr   .            (gloves unavailable)
SInv    .            (boots unavailable)
Will    .....        (no amulet)
Stlth   ++           v - ring of positive energy
HPRegen 1.09/turn    (no ring)
MPRegen 0.11/turn

%: no passive effects
@: very slightly contaminated
A: large, unfitting armour, claws 3, regeneration 1, shaggy fur 1, tough skin 1
a: no special abilities


You were on level 4 of the Dungeon.
You visited 1 branch of the dungeon, and saw 4 of its levels.
You also visited: Ossuary.

You collected 241 gold pieces.

Inventory:

Hand Weapons
 b - a +1 heavy mace
 d - a +0 dagger
Armour
 a - a +1 hat (worn)
 o - a +0 robe (worn)
Jewellery
 i - a ring of ice
 v - a ring of positive energy (left claw)
Wands
 t - a wand of polymorph (3)
Scrolls
 c - 5 scrolls of identify {unknown}
 k - a scroll of fear {unknown}
 l - a scroll of summoning {unknown}
 m - 2 scrolls of enchant armour {unknown}
 n - a scroll of silence {unknown}
 p - a scroll of revelation {unknown}
 u - a scroll of poison {unknown}
 w - a scroll of fog {unknown}
 x - a scroll of blinking {unknown}
 y - a scroll of brand weapon {unknown}
Potions
 e - a potion of magic
 f - 2 potions of lignification {unknown}
 g - a potion of curing {unknown}
 h - 2 potions of haste {unknown}
 q - a potion of degeneration {unknown}
 r - a potion of attraction {unknown}
 s - 3 potions of might {unknown}
 z - a potion of mutation {unknown}
 A - a potion of invisibility {unknown}
 B - a potion of heal wounds {unknown}
 C - a potion of brilliance {unknown}


   Skills:
 - Level 1.5 Dodging
 - Level 3.0 Stealth
 + Level 7.6 Unarmed Combat
 - Level 2.0 Spellcasting
 - Level 0.6 Conjurations
 - Level 0.6 Summonings
 - Level 0.6 Translocations


You had 5 spell levels left.
You knew the following spells:

 Your Spells              Type           Power      Damage    Failure   Level
a - Magic Dart            Conj           8%         1d3       24%         1
b - Call Imp              Summ           4%         N/A       36%         2
o - Blink                 Tloc           4%         N/A       36%         2

Your spell library contained the following spells:

 Spells                   Type           Power      Damage    Failure   Level
 Slow                     Hex            4%         N/A       30%         1
 Cigotuvi's Dreadful Rot  Necr/Alch/Air  2%         N/A       43%         2
 Mephitic Cloud           Conj/Alch/Air  1%         N/A       65%         3


Dungeon Overview and Level Annotations

Branches:
Dungeon (4/15)            Ossuary (visited)
 Temple: D:4-7

Altars:
Xom

Shops:
D:1 :

Annotations:
D:4 1 runed translucent door, Zdeegee's ghost, amateur DrEE


Innate Abilities, Weirdness & Mutations

You are too large for most types of armour.
You have claws for hands.
Your natural rate of healing is unusually fast.
You are covered in fur. (AC +1)
You have tough skin. (AC +1)


Message History

Aim: a gnoll, wieldin' a +0 spear o' distortion (moderately wounded, 100% ta hit) Ye miscast Magic Dart.
Ye be very lightly contaminated wit' residual magic.
Nuthin' appears ta happ'n.
Ye now haf 8/9 mp.
Castin': Magic Dart (safe; 24% risk o' failure) Confirm wit' . or Enter, or press ? or * ta list all spells.
Aimin': Magic Dart (safe; 24% risk o' failure)
Press: ? - help, Shift-Dir - straight line, f/p - gnoll
Aim: a gnoll, wieldin' a +0 spear o' distortion (moderately wounded, 100% ta hit) Ye miscast Magic Dart.
Nuthin' appears ta happ'n.
Tha gnoll hits ye but does nay damage.
Space warps horribly around ye!
Ye take 17 damage, an' haf 42/59 hp.
MASSIVE DAMAGE!!
Ye now haf 7/9 mp.
Tha gnoll hits ye wit' a +0 spear o' distortion.
Space warps horribly around ye!
Tha gnoll hits ye from afar wit' a +0 spear.
Ye take 20 damage, an' haf 22/59 hp.
MASSIVE DAMAGE!!
Ye scratch tha gnoll but do nay damage.
Tha gnoll be moderately wounded.
Tha gnoll barely misses ye.
Tha gnoll hits ye from afar wit' a +0 spear.
* * * LOW HITPOINT WARNIN'
* * * Ye take 5 damage, an' haf 17/59 hp.
Ye claw tha gnoll!
Ye kill tha gnoll!
Tha gnoll hits ye from afar wit' a +0 spear.
* * * LOW HITPOINT WARNIN'
* * * Ye take 2 damage, an' haf 15/59 hp.
A gnoll comes inta view.
It be wieldin' a +0 halberd.
Tha gnoll hits ye wit' a +0 spear.
* * * LOW HITPOINT WARNIN'
* * * Ye see 'ere a +0 spear o' distortion.
Ye take 3 damage, an' haf 12/59 hp.
Ye closely miss tha gnoll.
Tha gnoll hits ye but does nay damage.
Tha gnoll shouts!
Ye closely miss tha gnoll.
Tha gnoll hits ye wit' a +0 halberd!
* * * LOW HITPOINT WARNIN'
* * * Tha gnoll hits ye wit' a +0 spear.
Ye die...

#..# #..# ..#######.
##......... #####
##..........
#...####.)#........
##....##..###g......
#.......g## #......
##......g@## #.(((.
#..........##
#..(g.....
#...........#
#........
##............#
#(......
#..............#
#......
#...............#
#......
#...............#
#......
#................
#.....
#.............[...
##.....


You could see 2 gnolls.

Vanquished Creatures
  Grinder (D:3)
  An elf zombie (Ossuary)
  A weeping skull (Ossuary)
  A spectral scorpion (Ossuary)
  2 centaur zombies (Ossuary)
  3 human zombies (Ossuary)
  An iguana (D:4)
  2 orc wizards (D:4)
  A crocodile zombie (Ossuary)
  2 hound zombies (Ossuary)
  3 mummies (Ossuary)
  5 gnolls
  8 adders
  6 adder zombies (Ossuary)
  3 ribbon worms
  4 dart slugs
  2 orcs
  6 ball pythons
  10 endoplasms
  2 giant cockroaches
  A gnoll zombie (Ossuary)
  2 goblins
  7 hobgoblins
  6 quokkas
  A ball python zombie (Ossuary)
  2 bats
  A frilled lizard (D:2)
  5 jackal zombies (Ossuary)
  13 kobolds
  5 kobold zombies (Ossuary)
  2 orc zombies (Ossuary)
  5 rats
114 creatures vanquished.

Notes
Turn   | Place    | Note
-------+----------+-------------------------------------------
     0 | D:1      | ProzacElf the Troll Hedge Wizard began the quest for the
                  | Orb.
     0 | D:1      | Reached XP level 1. HP: 16/16 MP: 2/2
   105 | D:1      | Found Kiel's Book Shop.
   119 | D:1      | Reached skill level 1 in Unarmed Combat
   119 | D:1      | Reached XP level 2. HP: 18/24 MP: 4/4
   524 | D:2      | Reached XP level 3. HP: 29/31 MP: 5/5
   541 | D:2      | Reached skill level 2 in Unarmed Combat
   744 | D:2      | Reached XP level 4. HP: 29/39 MP: 6/6
  1002 | D:2      | Reached skill level 3 in Unarmed Combat
  1415 | D:2      | Reached XP level 5. HP: 43/45 MP: 7/7
  1877 | D:3      | Noticed Grinder
  1963 | D:3      | Killed Grinder
  1964 | D:3      | Reached skill level 4 in Unarmed Combat
  1964 | D:3      | Reached XP level 6. HP: 30/53 MP: 8/8
  2224 | D:4      | Found a shimmering altar of Xom.
  2231 | D:4      | Found a runed translucent door.
  2237 | D:4      | Noticed Zdeegee's ghost (amateur DrEE)
  2272 | D:4      | Reached skill level 5 in Unarmed Combat
  2374 | D:4      | Found a sand-covered staircase.
  2384 | Ossuary  | Entered an ossuary
  2520 | Ossuary  | Reached XP level 7. HP: 57/59 MP: 9/9
  2523 | Ossuary  | Reached skill level 6 in Unarmed Combat
  2538 | Ossuary  | Learned a level 2 spell: Blink
  2541 | Ossuary  | Learned a level 2 spell: Call Imp
  2681 | Ossuary  | Reached skill level 7 in Unarmed Combat
  2953 | D:4      | HP: 2/59 [gnoll/+0 halberd (12)]
  2953 | D:4      | Slain by a gnoll

Illustrated notes

Levels and vault maps discovered:
D:1:      wander_arrival_lonely_grave, layout_rooms, serial_shops,
          nicolae_diamond_shop, serial_glass, glass_columns_b, glass_columns_c
D:2:      minmay_thinvault, layout_basic, interstate_on_off, dk_noncrumbling_4
D:3:      layout_basic, glass_columns_a, uniq_grinder
D:4:      layout_cave_pods, kennysheep_little_box,
          mainiacjoe_overflow_cross_hatched, ebering_ghost_reflecting_pool,
          enter_ossuary_5

Skill      XL: |  1  2  3  4  5  6  7 |
---------------+----------------------+-----
Unarmed Combat | 1 2 3 4 5 7 |  7.6
Stealth        | 2 3 |  3.0
Dodging        | |  1.5
Spellcasting   | |  2.0
Conjurations   | |  0.6
Summonings     | |  0.6
Translocations | |  0.6

Action                     |  1- 3 |  4- 6 |  7- 9 || total
---------------------------+-------+-------+-------++-------
  Melee: Unarmed           |    91 |   211 |    82 ||   384
         Punch             |     1 |     2 |     4 ||     7
  Throw: Dart              |       |     5 |     6 ||    11
   Stab: Sleeping          |     1 |     2 |     5 ||     8
         Distracted        |       |     1 |       ||     1
 Armour: Robe              |    57 |   175 |    97 ||   329
         Skin              |       |     2 |       ||     2
  Dodge: Dodged            |    36 |   148 |    36 ||   220

Action                     |  1- 3 |  4- 6 |  7- 9 || total
---------------------------+-------+-------+-------++-------
  Melee: Unarmed           |    91 |   211 |    82 ||   384
         Punch             |     1 |     2 |     4 ||     7
  Throw: Dart              |       |     5 |     6 ||    11
   Stab: Sleeping          |     1 |     2 |     5 ||     8
         Distracted        |       |     1 |       ||     1
 Armour: Robe              |    57 |   175 |    97 ||   329
         Skin              |       |     2 |       ||     2
  Dodge: Dodged            |    36 |   148 |    36 ||   220

Levels and vault maps discovered:
D:1:      wander_arrival_lonely_grave, layout_rooms, serial_shops,
          nicolae_diamond_shop, serial_glass, glass_columns_b, glass_columns_c
D:2:      minmay_thinvault, layout_basic, interstate_on_off, dk_noncrumbling_4
D:3:      layout_basic, glass_columns_a, uniq_grinder
D:4:      layout_cave_pods, kennysheep_little_box,
          mainiacjoe_overflow_cross_hatched, ebering_ghost_reflecting_pool,
          enter_ossuary_5
